 Dungeon Crawl Stone Soup version 0.19-a0-1216-g363869b (webtiles) character file.

531 packetloss the Insei (level 7, 0/48 HPs)
             Began as a Merfolk Transmuter on Aug 23, 2016.
             Slain by an orc wizard
             ... wielding a +0 dagger
              (2 damage)
             ... on level 5 of the Dungeon.
             The game lasted 00:13:05 (4855 turns).

packetloss the Insei (Merfolk Transmuter)           Turns: 4855, Time: 00:13:05

Health: 0/48       AC:  3    Str: 11    XL:     7   Next: 24%
Magic:  12/12      EV: 13    Int: 14    God:
Gold:   172        SH:  0    Dex: 14    Spells: 3 memorised, 7 levels left

rFire  . . .     SeeInvis .     g - +0 whip (elec)
rCold  . . .     Gourm    .     b - +0 robe
rNeg   . . .     Faith    .     (no shield)
rPois  .         Spirit   .     u - +0 helmet
rElec  .         Dismiss  .     (no cloak)
rCorr  .         Reflect  .     (no gloves)
MR     .....     Harm     .     (no boots)
Stlth  +.........               (no amulet)
                                (no ring)
                                (no ring)

@: no status effects
A: change form in water, swift swim
a: no special abilities


You were on level 5 of the Dungeon.
You were near starving.

You visited 1 branch of the dungeon, and saw 5 of its levels.

You collected 172 gold pieces.

Inventory:

Hand Weapons
 e - a +0 hand axe
   (You found it on level 1 of the Dungeon)
 g - a +0 whip of electrocution (weapon)
   (You took it off a kobold on level 1 of the Dungeon)
 k - a +2 dagger of venom
   (You took it off a goblin on level 1 of the Dungeon)
 p - a cursed -2 halberd
   (You took it off a gnoll on level 2 of the Dungeon)
 r - a +0 blowgun
   (You took it off a kobold on level 3 of the Dungeon)
Missiles
 a - 40 arrows
 q - a throwing net {=f, !d}
 s - 3 needles of frenzy
 t - 4 poisoned needles
Armour
 b - a +0 robe (worn)
 u - a +0 helmet (worn)
   (You found it on level 3 of the Dungeon)
Scrolls
 h - a scroll of enchant weapon {unknown}
 i - 4 scrolls of identify
 l - a scroll of remove curse
 w - a scroll of amnesia {unknown}
Potions
 f - a potion of magic
 j - a potion of cancellation {unknown}
 m - a potion of brilliance {unknown}
 n - a potion of mutation {!q}
 o - a potion of lignification {unknown}
 x - a potion of invisibility {unknown}
 z - 2 potions of flight {unknown}
Books
 c - a book of Changes
Comestibles
 d - a bread ration {@e1}
 v - a meat ration {@e2}


   Skills:
 - Level 1.1 Fighting
 - Level 2.6 Dodging
 - Level 6.3 Unarmed Combat
 + Level 3.8 Spellcasting
 + Level 6.1 Transmutations


You had 7 spell levels left.
You knew the following spells:

 Your Spells              Type           Power        Failure   Level  Hunger
a - Beastly Appendage     Tmut           ###...       1%          1    None
c - Spider Form           Tmut/Pois      ##........   17%         3    ###....
s - Sticks to Snakes      Tmut           ###.....     2%          2    ##.....


Dungeon Overview and Level Annotations

Branches:
Dungeon (5/15)
 Temple: D:4-7

Altars:

Annotations:
D:5 exclusion: Duvessa, Duvessa


Message History

You take 1 damage, and have 38/48 hp.
Unknown command.
You feel sick.
You take 1 damage, and have 38/48 hp.
Okay, then.
You feel sick.
You take 1 damage, and have 37/48 hp.
You feel sick.
You take 1 damage, and have 37/48 hp.
You feel sick.
You are no longer poisoned.
You take 1 damage, and have 37/48 hp.
x - an orange potion
i - 4 scrolls of identify (gained 1) Duvessa, Sister of Dowan comes into view.
She is wielding a short sword.
Found a stone staircase leading up.
Spoiler Alert: Duvessa (sleeping) can hit for moderate damage in melee, and goes Berserk when Dowan dies!
You are near starving!
You regained 4 hp, and now have 47/48 hp.
Health restored: 48 A crimson imp comes into view.
The crimson imp shouts!
The crimson imp closely misses you.
You closely miss the crimson imp. The crimson imp misses you.
The crimson imp blinks!
You barely miss the crimson imp. The crimson imp misses you.
You miss the crimson imp.
The crimson imp hits you but does no damage.
You completely miss the crimson imp.
The crimson imp blinks!
You closely miss the crimson imp.
The crimson imp hits you but does no damage.
You miss the crimson imp. The crimson imp misses you.
You hit the crimson imp.
There is a sudden explosion of sparks!
You kill the crimson imp!
z - 2 metallic black potions 3 orcs and an orc wizard come into view.
The orc wizard shouts!
The orc shouts!
Spoiler Alert: The orc wizard might cast Slow, Confuse, Throw Flame, Throw Frost, or go Invisible!
You completely miss the orc. The orc hits you with a hand axe.
You take 2 damage, and have 46/48 hp.
You closely miss the orc.
The orc shouts!
The orc barely misses you.
You hit the orc.
There is a sudden explosion of sparks!
You kill the orc!
The orc wizard casts a spell at you. The puff of flame hits you!
Spoiler Alert: The orc wizard might cast Slow, Confuse, Throw Flame, Throw Frost, or go Invisible!
You take 6 damage, and have 41/48 hp.
Things that are here:
a hand axe; an orc corpse You barely miss the orc wizard.
The orc wizard completely misses you.
You hit the orc wizard but do no damage.
The orc wizard hits you but does no damage.
Spoiler Alert: The orc wizard might cast Slow, Confuse, Throw Flame, Throw Frost, or go Invisible!
You closely miss the orc wizard.
The orc wizard hits you with a dagger. x2
You take 4 damage, and have 37/48 hp.
You hit the orc wizard. The orc wizard misses you.
You closely miss the orc wizard. The orc wizard barely misses you.
You closely miss the orc wizard. The orc wizard casts a spell at you.
The puff of frost hits you!
Spoiler Alert: The orc wizard might cast Slow, Confuse, Throw Flame, Throw Frost, or go Invisible!
You take 10 damage, and have 27/48 hp.
MASSIVE DAMAGE!!
You hit the orc wizard.
The orc wizard hits you but does no damage.
You barely miss the orc wizard. The orc wizard closely misses you.
You barely miss the orc wizard. The orc wizard hits you with a dagger.
Spoiler Alert: The orc wizard might cast Slow, Confuse, Throw Flame, Throw Frost, or go Invisible!
You take 1 damage, and have 26/48 hp.
You hit the orc wizard but do no damage.
The orc wizard misses you.
You hit the orc wizard. The orc wizard casts a spell at you.
The puff of frost hits you!
Spoiler Alert: The orc wizard might cast Slow, Confuse, Throw Flame, Throw Frost, or go Invisible!
You take 9 damage, and have 17/48 hp.
You hit the orc wizard. The orc wizard casts a spell at you.
The puff of flame hits you!
* * * LOW HITPOINT WARNING * * *
You take 5 damage, and have 12/48 hp.
You barely miss the orc wizard.
The orc wizard gestures at you while chanting.
The puff of flame hits you!
* * * LOW HITPOINT WARNING * * *
The orc wizard barely misses you.
Spoiler Alert: The orc wizard might cast Slow, Confuse, Throw Flame, Throw Frost, or go Invisible!
You take 3 damage, and have 9/48 hp.
You closely miss the orc wizard.
The orc wizard gestures at you while chanting.
The magic dart hits you!
* * * LOW HITPOINT WARNING * * *
You take 8 damage, and have 1/48 hp.
Unknown command.
Spoiler Alert: The orc wizard might cast Slow, Confuse, Throw Flame, Throw Frost, or go Invisible!
Okay, then.
You closely miss the orc wizard. The orc wizard hits you with a dagger.
You die...

##########
#.@ooo....
#.#######.
#.# #.#
#.# #.#
####.# #.#
#..... #.#
#.##..


You could see an orc wizard and 2 orcs.

Vanquished Creatures
  A howler monkey (D:4)
  2 crimson imps (D:5)
  An orc priest (D:3)
  2 orc wizards (D:3)
  2 hounds (D:2)
  An iguana (D:4)
  2 worker ants
  5 gnolls
  7 adders
  An ooze (D:1)
  A worm (D:3)
  3 dart slugs
  2 giant geckos
  5 orcs
  2 giant cockroaches
  8 hobgoblins
  5 jackals
  13 kobolds
  2 quokkas
  A ball python skeleton (D:4)
  7 bats
  2 giant newts (D:2)
  8 goblins
  A quokka skeleton (D:4)
  10 rats
94 creatures vanquished.

Vanquished Creatures (others)
  A bat (D:1)
  A jackal (D:1)
  A rat (D:1)
3 creatures vanquished.

Grand Total: 97 creatures vanquished

Notes
Turn   | Place    | Note
-------+----------+-------------------------------------------
     0 | D:1      | packetloss the Merfolk Transmuter began the quest for the Orb.
     0 | D:1      | Reached XP level 1. HP: 15/15 MP: 3/3
   295 | D:1      | Reached XP level 2. HP: 20/21 MP: 5/5
   369 | D:1      | Reached skill level 4 in Unarmed Combat
   856 | D:1      | Reached XP level 3. HP: 26/26 MP: 6/6
  1324 | D:2      | Reached skill level 5 in Unarmed Combat
  1577 | D:2      | Reached XP level 4. HP: 30/32 MP: 7/7
  1626 | D:2      | Reached skill level 6 in Unarmed Combat
  1626 | D:2      | Reached XP level 5. HP: 13/37 MP: 8/8
  1637 | D:2      | HP: 9/37 [gnoll (6)]
  1638 | D:2      | Reached skill level 3 in Transmutations
  1642 | D:2      | Learned a level 2 spell: Sticks to Snakes
  2394 | D:3      | Learned a level 3 spell: Spider Form
  2416 | D:3      | HP: 9/37 [adder (3)]
  2417 | D:3      | Reached skill level 4 in Transmutations
  2421 | D:3      | HP: 4/37 [poisoned by an adder]
  2779 | D:3      | HP: 3/37 [orc wizard/puff of frost (8)]
  2782 | D:3      | Reached XP level 6. HP: 9/43 MP: 9/9
  3433 | D:3      | Reached skill level 5 in Transmutations
  3841 | D:4      | Reached skill level 3 in Spellcasting
  4172 | D:4      | Reached XP level 7. HP: 36/48 MP: 10/12
  4458 | D:5      | Entered Level 5 of the Dungeon
  4699 | D:5      | Reached skill level 6 in Transmutations
  4743 | D:5      | Noticed Duvessa
  4852 | D:5      | HP: 12/48 [orc wizard/puff of flame (5)]
  4854 | D:5      | HP: 1/48 [orc wizard/magic dart (8)]
  4855 | D:5      | Slain by an orc wizard

Vault maps used:
D:1:      dpeg_arrival_subterranean_lakeside_camping, lemuel_flame_loot_1
D:2:      hangedman_feature_mirror, cheibrodos_gnoll_hut
D:5:      first_bread, uniq_duvessa

Skill      XL: |  1  2  3  4  5  6  7 |
---------------+----------------------+-----
Unarmed Combat | 4 5 6 |  6.3
Transmutations | 4 5 6 |  6.1
Spellcasting   | 3 |  3.8
Fighting       | |  1.1
Dodging        | |  2.6

Action                   |  1- 3 |  4- 6 |  7- 9 || total
-------------------------+-------+-------+-------++-------
Melee: Unarmed           |    17 |       |       ||    17
       Whip              |    91 |   171 |    61 ||   323
       Punch             |     1 |     5 |       ||     6
 Cast: Sticks to Snakes  |       |     1 |       ||     1
  Use: Potion            |       |     2 |       ||     2
       Scroll            |       |     6 |       ||     6
 Stab: Sleeping          |     3 |     3 |       ||     6
       Distracted        |       |     1 |       ||     1
  Eat: Chunk             |     2 |     9 |       ||    11
Armor: Robe              |    28 |    15 |     7 ||    50
Dodge: Dodged            |    75 |   103 |    32 ||   210

Vault maps used:
D:1:      dpeg_arrival_subterranean_lakeside_camping, lemuel_flame_loot_1
D:2:      hangedman_feature_mirror, cheibrodos_gnoll_hut
D:5:      first_bread, uniq_duvessa

Table legend:
 A = Turns spent in this place as a percentage of turns spent in the entire game.
 B = Non-inter-level travel turns spent in this place as a percentage of non-inter-level travel turns spent in the entire game.
 C = Inter-level travel turns spent in this place as a percentage of turns spent in this place.
 D = Turns resting spent in this place as a percentage of non-inter-level travel turns spent in this place.
 E = Turns spent auto-exploring this place as a percentage of non-inter-level travel turns spent in this place.
 F = Non-inter-level travel turns spent in this place divided by the number of levels of this place that you've seen.
                   A       B       C       D       E      F
               +-------+-------+-------+-------+-------+----------------------
         Total | 100.0 | 100.0 |   0.4 |   3.7 |   4.6 | 301.2
       Dungeon | 100.0 | 100.0 |   0.4 |   3.7 |   4.6 | 301.2
               +-------+-------+-------+-------+-------+----------------------

Table legend:
 A = Kills in this place as a percentage of kills in entire the game.
 B = Kills by you in this place as a percentage of kills by you in the entire game.
 C = Kills by friends in this place as a percentage of kills by friends in the entire game.
 D = Other kills in this place as a percentage of other kills in the entire game.
 E = Experience gained in this place as a percentage of experience gained in the entire game.
 F = Experience gained in this place divided by the number of levels of this place that you have seen.
                   A       B       C       D       E      F
               +-------+-------+-------+-------+-------+----------------------
         Total | 100.0 | 100.0 |  -nan |  -nan | 100.0 | 151.8
       Dungeon | 100.0 | 100.0 |  -nan |  -nan | 100.0 | 151.8
               +-------+-------+-------+-------+-------+----------------------
